AoeStats
← Embege

Black Forest

510189128Analyzed
4v4 RM · 3d ago on Sep 29, 2026· 33m 32s· 8 players
Game mode
Random Map
Map size
Large (8 player)
Population
200
Speed
Normal
Resources
Standard
Victory
Conquest
Starting age
Dark Age
Ending age
Imperial Age
RankedLock teamsTeams togetherTeam positionsShared explorationLock speedFull tech treeHidden civsTurbo modeCheats
Victory
Defeat
🇺🇸 Persians · United States
1449
+16
🇲🇽 Britons · Mexico
1446
+16
🇵🇰 Khmer · Pakistan
1442
+17
🇪🇸 Turks · Spain
1417
+18
🇨🇦 Varangians · Canada
1553
-21
🇩🇪 Teutons · Germany
1427
-16
🇮🇩 Tatars · Indonesia
1421
-15
🇮🇩 Japanese · Indonesia
1411
-15
pepe_del_pardo
1:37 Loom
13:49 Feudal Age
18:00 Castle Age
16:45 Double-Bit Axe
17:20 Gold Mining
24:43 Imperial Age
24:18 Padded Archer Armor
26:51 Bow Saw
28:42 Horse Collar
30:53 Wheelbarrow
bilalnizamani001
6:52 Loom
11:46 Feudal Age
15:34 Castle Age
14:14 Double-Bit Axe
14:51 Horse Collar
14:53 Fishing Lines
16:51 Bow Saw
20:45 Heavy Plow
22:01 Wheelbarrow
22:00 Gold Mining
22:21 Stone Mining
26:37 Imperial Age
27:06 Hand Cart
26:50 Capped Ram
27:17 Elite Battle Elephant
27:58 Husbandry
28:08 Bloodlines
27:49 Heavy Scorpion
29:27 Scale Barding Armor
29:32 Forging
31:05 Chain Barding Armor
31:36 Iron Casting
33:01 Gold Shaft Mining
33:02 Stone Shaft Mining
33:03 Plate Barding Armor
32:49 Town Watch
MEX_Angel_Tj
0:36 Loom
17:25 Feudal Age
21:58 Castle Age
19:52 Double-Bit Axe
20:40 Fletching
22:28 Padded Archer Armor
31:32 Bodkin Arrow
31:53 Leather Archer Armor
_WizarD_
4:50 Loom
10:04 Feudal Age
11:14 Feudal Age
11:54 Double-Bit Axe
11:52 Horse Collar
17:47 Gold Mining
18:36 Wheelbarrow
21:18 Castle Age
22:26 Bow Saw
27:54 Bloodlines
30:41 Imperial Age
28:30 Husbandry
28:37 Scale Barding Armor
28:43 Forging
29:44 Chain Barding Armor
30:59 Iron Casting
30:19 Cavalier
31:59 Savar
34:14 Plate Barding Armor
34:49 Blast Furnace
Kiliethink
11:45 Feudal Age
11:37 Loom
13:39 Loom
16:18 Castle Age
15:15 Double-Bit Axe
15:23 Horse Collar
16:24 Gold Mining
17:35 Bow Saw
21:20 Stone Mining
21:34 Heavy Plow
26:56 Imperial Age
24:57 Scale Barding Armor
25:03 Forging
26:09 Chain Barding Armor
27:33 Iron Casting
27:49 Bloodlines
28:33 Wheelbarrow
28:41 Plate Barding Armor
27:38 Cavalier
JMDDN
11:39 Feudal Age
15:23 Castle Age
13:49 Double-Bit Axe
15:19 Loom
16:21 Wheelbarrow
16:52 Bow Saw
16:37 Fishing Lines
23:26 Gillnets
25:40 Hand Cart
26:00 Horse Collar
27:59 Scale Barding Armor
28:04 Forging
30:26 Imperial Age
27:58 Stone Mining
27:58 Gold Mining
28:15 Heavy Plow
29:13 Ballistics
28:33 Treadmill Crane
29:04 Masonry
30:16 Chain Barding Armor
30:31 Elite Jarl
31:47 Plate Barding Armor
31:48 Iron Casting
32:18 Conscription
32:46 Guilds
VSPR | Valkyrie
0:51 Loom
18:38 Feudal Age
24:33 Castle Age
28:37 Double-Bit Axe
29:35 Bow Saw
30:36 Fishing Lines
33:28 Horse Collar
Embege
1:10 Loom
11:54 Feudal Age
16:10 Castle Age
14:08 Double-Bit Axe
14:59 Horse Collar
17:05 Bow Saw
18:43 Fletching
18:54 Padded Archer Armor
29:27 Fortified Wall
30:39 Wheelbarrow
Connection lost

Rejoining the realm…

Still unreachable

The connection could not be restored.

Session expired

The server has moved on; the page needs a fresh start.